Map: New Gettysburg LE

Players

oliM - Winner!

  • Race: Protoss Protoss
  • League: Master

Couguar

  • Race: Protoss Protoss
  • League: Master

VOD

Have the link to the VOD?

Description

Time

  • Played on: Oct. 25, 2016, 4:09 a.m.
  • Length: 30:01
Show
View Real Time Build Order
Export as new Build Order

oliM Protoss - Winner!

Build Orders: Oracle Opening 

Get SALT Encoding   

  12  0:01  Probe (Chrono Boost)  
  13  0:11  Probe (Chrono Boost)  
  14  0:19  Pylon  
  14  0:22  Probe (Chrono Boost)  
  15  0:38  Probe (Chrono Boost), Gateway  
  16  0:48  Probe (Chrono Boost)  
  17  0:50  Assimilator  
  17  0:55  Assimilator  
  17  0:59  Probe (Chrono Boost)  
  18  1:10  Probe (Chrono Boost), Gateway  
  19  1:20  Probe (Chrono Boost)  
  20  1:26  Cybernetics Core  
  20  1:31  Probe (Chrono Boost)  
  21  1:41  Pylon  
  21  1:42  Probe (Chrono Boost)  
  22  1:53  Probe (Chrono Boost)  
  23  2:01  Adept  
  23  2:02  Adept  
  23  2:07  Warp Gate  
  27  2:18  Stargate  
  27  2:27  Pylon  
  27  2:33  Adept x2  
  31  2:47  Probe (Chrono Boost)  
  32  2:59  Oracle  
  35  3:19  Nexus, Unknown  
  35  3:30  Oracle  
  35  3:33  Probe (Chrono Boost)  
  39  3:44  Pylon  
  40  4:04  Probe (Chrono Boost), Robotics Facility  
  40  4:15  Probe (Chrono Boost)  
  38  4:25  Twilight Council  
  38  4:26  Mothership Core (Chrono Boost)  
  38  4:30  Unknown  
  40  4:33  Probe (Chrono Boost)  
  41  4:43  Probe (Chrono Boost), Sentry  
  41  4:44  Probe (Chrono Boost), Sentry  
  47  4:54  Probe (Chrono Boost)  
  47  4:55  Probe (Chrono Boost)  
  49  5:04  Probe (Chrono Boost)  
  49  5:05  Probe (Chrono Boost)  
  51  5:07  Blink  
  51  5:10  Assimilator  
  51  5:15  Probe (Chrono Boost)  
  51  5:16  Probe (Chrono Boost)  
  51  5:18  Gateway  
  51  5:19  Gateway  
  53  5:25  Probe (Chrono Boost)  
  53  5:27  Probe (Chrono Boost)  
  53  5:28  Immortal  
  59  5:36  Probe (Chrono Boost)  
  59  5:37  Probe (Chrono Boost)  
  59  5:42  Assimilator  
  61  5:44  Pylon  
  61  5:47  Probe (Chrono Boost)  
  62  5:50  Pylon  
  62  5:52  Pylon  
  62  6:03  Probe x2 (Chrono Boost)  
  64  6:08  Immortal  
  64  6:10  Gateway  
  68  6:13  Probe x2 (Chrono Boost)  
  70  6:23  Robotics Bay  
  70  6:24  Probe x2 (Chrono Boost)  
  72  6:37  Pylon  
  72  6:41  Nexus, Unknown  
  72  6:44  Observer  
  72  6:50  Stalker  
  72  6:52  Gateway  
  75  6:54  Pylon  
  75  6:55  Stalker  
  77  7:04  Robotics Facility  
  77  7:06  Disruptor  
  80  7:18  Probe (Chrono Boost)  
  81  7:36  Stalker x3  
  81  7:37  Probe (Chrono Boost), Stalker x2, Warp Prism  
  93  7:49  Pylon  
  93  7:52  Disruptor  
  93  7:53  Unknown  
  93  7:57  Stalker  
  98  8:05  Stalker x2  
  100  8:06  Stalker  
  100  8:08  Disruptor  
  104  8:13  Stalker x2  
  111  8:22  Probe (Chrono Boost)  
  112  8:28  Disruptor  
  112  8:31  Probe (Chrono Boost)  
  112  8:32  Probe (Chrono Boost)  
  117  8:40  Probe (Chrono Boost)  
  118  8:43  Probe x2 (Chrono Boost)  
  118  8:48  Disruptor  
  120  8:52  Probe (Chrono Boost), Forge  
  120  8:53  Probe (Chrono Boost)  
  125  9:05  Pylon  
  125  9:06  Pylon x2  
  125  9:08  Pylon  
  125  9:09  Disruptor, Pylon  
  122  9:10  Assimilator  
  122  9:15  Assimilator  
  126  9:25  Probe (Chrono Boost), Photon Cannon  
  126  9:27  Protoss Ground Weapons Level 1  
  126  9:28  Photon Cannon  
  126  9:29  Disruptor  
  126  9:30  Photon Cannon  
  126  9:36  Stalker x3  
  135  9:47  Stalker x3  
  141  9:53  Disruptor  
  141  9:55  Pylon  
  144  10:05  Stalker x3  
  150  10:11  Gateway  
  150  10:12  Disruptor  
  153  10:25  Disruptor  
  151  10:32  Stalker x2  
  151  10:33  Stalker x2  
  160  10:48  Pylon  
  160  10:49  Disruptor  
  157  10:50  Nexus, Unknown  
  157  10:52  Pylon  
  160  11:19  Stalker x2  
  160  11:20  Stalker x2  
  160  11:24  Stalker x2  
  172  11:28  Disruptor  
  174  11:41  Probe (Chrono Boost)  
  174  11:46  Oracle  
  177  11:48  Photon Cannon  
  177  11:51  Photon Cannon  
  177  11:55  Assimilator, Protoss Ground Weapons Level 2  
  177  11:57  Assimilator  
  177  11:58  Pylon  
  177  12:00  Stargate, Pylon x2  
  177  12:01  Unknown  
  177  12:02  Stargate  
  170  12:14  Observer  
  170  12:15  Observer  
  164  12:40  Observer x2  
  160  12:46  Probe (Chrono Boost)  
  160  12:49  Stalker  
  160  12:50  Stalker x5  
  173  13:13  Oracle  
  176  13:28  Stalker  
  176  13:29  Stalker x2  
  176  13:30  Stalker x2  
  186  13:38  Stalker x2  
  180  13:45  Photon Cannon  
  169  13:52  Photon Cannon  
  169  13:54  Disruptor  
  145  14:07  Robotics Facility  
  145  14:09  Nexus, Unknown  
  145  14:11  Pylon  
  145  14:15  Probe (Chrono Boost)  
  146  14:25  Robotics Facility, Disruptor  
  148  14:34  Probe (Chrono Boost)  
  149  14:56  Disruptor x2  
  150  15:03  Protoss Ground Weapons Level 3  
  153  15:19  Stalker x3  
  153  15:20  Stalker  
  153  15:21  Unknown  
  149  15:24  Probe (Chrono Boost)  
  150  15:31  Disruptor x2  
  156  15:39  Nexus, Unknown  
  152  15:53  Probe (Chrono Boost)  
  152  15:54  Disruptor  
  152  16:02  Disruptor  
  151  16:08  Probe (Chrono Boost)  
  151  16:09  Photon Cannon  
  151  16:10  Probe (Chrono Boost)  
  156  16:19  Zealot  
  156  16:20  Probe (Chrono Boost)  
  159  16:26  Oracle  
  160  16:39  Disruptor  
  159  16:47  Disruptor  
  159  16:50  Unknown  
  159  16:51  Disruptor  
  163  16:59  Oracle  
  164  17:02  Probe (Chrono Boost)  
  165  17:10  Nexus, Unknown  
  165  17:11  Pylon  
  165  17:17  Disruptor  
  166  17:31  Probe (Chrono Boost), Photon Cannon  
  166  17:33  Stalker x3  
  166  17:34  Stalker x2  
  170  17:52  Disruptor  
  170  17:54  Disruptor  
  167  18:04  Disruptor  
  164  18:21  Unknown  
  164  18:23  Zealot, Photon Cannon  
  166  18:27  Photon Cannon  
  166  18:29  Disruptor  
  166  18:30  Photon Cannon  
  166  18:32  Pylon  
  166  18:33  Observer, Probe (Chrono Boost)  
  170  18:40  Assimilator  
  171  18:42  Stalker x2  
  171  18:43  Stalker x4  
  183  18:59  Disruptor  
  169  19:11  Stalker x4  
  169  19:12  Stalker  
  179  19:18  Adept x2  
  177  19:35  Probe (Chrono Boost)  
  174  19:41  Assimilator  
  174  19:42  Probe (Chrono Boost)  
  154  20:00  Observer  
  154  20:03  Observer, Stalker x2  
  142  20:24  Stalker x3  
  142  20:25  Observer  
  143  20:32  Probe (Chrono Boost)  
  128  20:47  Stalker x2  
  128  20:48  Stalker x4  
  138  20:50  Disruptor  
  138  20:53  Probe (Chrono Boost)  
  136  21:06  Warp Prism  
  139  21:12  Probe (Chrono Boost)  
  139  21:13  Stalker  
  139  21:14  Stalker x4  
  139  21:15  Nexus, Unknown  
  139  21:17  Pylon  
  149  21:18  Pylon  
  149  21:22  Probe (Chrono Boost)  
  150  21:31  Stalker  
  150  21:32  Disruptor  
  151  21:36  Disruptor  
  150  21:48  Probe (Chrono Boost)  
  150  21:49  Stalker x3  
  156  21:56  Adept  
  158  22:06  Disruptor  
  159  22:22  Probe (Chrono Boost)  
  160  22:26  Unknown  
  160  22:36  Photon Cannon  
  160  22:40  Photon Cannon  
  160  22:41  Probe (Chrono Boost)  
  160  22:42  Templar Archives  
  160  22:44  Photon Cannon  
  159  22:47  Photon Cannon  
  159  22:51  Stalker x2  
  161  22:53  Disruptor  
  166  22:59  Assimilator  
  166  23:02  Assimilator  
  166  23:03  Probe (Chrono Boost), Photon Cannon  
  168  23:06  Probe (Chrono Boost)  
  168  23:09  Adept x4  
  168  23:10  Adept  
  173  23:22  Stalker x2  
  165  23:40  Stalker x2  
  165  23:41  Stalker x3  
  170  23:43  Disruptor  
  168  24:00  Probe (Chrono Boost)  
  168  24:02  Probe (Chrono Boost)  
  170  24:06  High Templar x3  
  170  24:07  High Templar, Zealot  
  180  24:12  Probe (Chrono Boost)  
  180  24:14  Probe (Chrono Boost)  
  175  24:23  Probe (Chrono Boost), Archon  
  175  24:24  Probe (Chrono Boost), Archon  
  170  24:25  Probe (Chrono Boost)  
  170  24:26  Probe x2 (Chrono Boost)  
  173  24:33  Probe (Chrono Boost)  
  173  24:35  Probe (Chrono Boost)  
  173  24:36  High Templar x2  
  173  24:37  Probe x2 (Chrono Boost)  
  173  24:38  Probe (Chrono Boost)  
  182  24:44  Probe (Chrono Boost)  
  183  24:47  Archon  
  183  24:52  Nexus, Unknown  
  181  24:53  Zealot  
  181  24:54  Pylon x2  
  181  24:56  High Templar x2  
  187  25:05  Stalker, Archon  
  187  25:06  Stalker  
  190  25:19  Photon Cannon  
  190  25:21  Photon Cannon  
  190  25:24  Assimilator  
  190  25:30  Adept x2  
  190  25:34  Cybernetics Core  
  190  25:45  Stalker x3  
  192  25:55  Observer  
  192  25:57  Robotics Facility  
  192  25:58  Observer  
  192  26:03  Unknown  
  194  26:07  Gateway  
  194  26:08  Gateway  
  194  26:10  Gateway  
  194  26:11  Probe (Chrono Boost)  
  195  26:12  Gateway x2  
  195  26:17  Pylon  
  195  26:23  Stalker  
  197  26:39  Nexus, Unknown  
  197  26:40  Twilight Council  
  197  26:49  Nexus, Unknown  
  193  27:08  Pylon  
  189  27:10  Pylon  
  189  27:12  Pylon x2  
  189  27:13  Pylon  
  189  27:15  Pylon x3  
  187  27:17  Pylon  
  187  27:19  Gateway  
  187  27:20  Gateway  
  187  27:26  Stargate  
  187  27:29  Mothership Core (Chrono Boost), Stargate  
  189  27:32  Stargate  
  189  27:36  Assimilator  
  189  27:43  Fleet Beacon  
  189  27:49  Assimilator  
  189  27:51  Unknown  
  189  28:05  Stalker x2  
  189  28:06  Stalker x3  
  193  28:14  Observer  
  200  28:20  Oracle  
  199  28:36  Nexus, Unknown  
  188  28:52  Stargate  
  188  28:53  Stargate  
  186  28:56  Stargate  
  186  29:00  Probe (Chrono Boost), Tempest  
  187  29:03  Tempest  
  195  29:11  Nexus, Unknown  
  195  29:13  Probe (Chrono Boost), Pylon  
  193  29:29  Pylon  
  197  29:45  Forge  
Show
View Real Time Build Order
Export as new Build Order

Couguar Protoss 

Build Orders: Blink Stalkers 

Get SALT Encoding   

  12  0:02  Probe (Chrono Boost)  
  13  0:12  Probe (Chrono Boost)  
  14  0:19  Pylon  
  14  0:23  Probe (Chrono Boost)  
  15  0:37  Probe (Chrono Boost)  
  15  0:40  Gateway  
  16  0:45  Assimilator  
  16  0:50  Probe (Chrono Boost)  
  17  0:58  Assimilator  
  17  1:01  Probe (Chrono Boost)  
  18  1:11  Probe (Chrono Boost)  
  19  1:22  Probe (Chrono Boost)  
  20  1:30  Cybernetics Core  
  20  1:33  Probe (Chrono Boost)  
  21  1:49  Nexus, Unknown  
  21  1:54  Probe (Chrono Boost)  
  21  2:01  Pylon  
  22  2:05  Probe (Chrono Boost)  
  22  2:06  Warp Gate  
  23  2:19  Stalker  
  25  2:23  Probe (Chrono Boost)  
  26  2:39  Mothership Core (Chrono Boost)  
  28  2:47  Gateway  
  28  2:51  Gateway  
  28  2:59  Twilight Council  
  28  3:01  Unknown  
  28  3:08  Probe (Chrono Boost)  
  28  3:10  Probe (Chrono Boost)  
  30  3:20  Probe (Chrono Boost)  
  30  3:23  Pylon  
  30  3:25  Probe (Chrono Boost)  
  32  3:31  Probe (Chrono Boost)  
  33  3:36  Robotics Facility  
  33  3:37  Blink  
  33  3:42  Stalker  
  33  3:45  Stalker  
  33  4:16  Probe (Chrono Boost)  
  34  4:23  Probe (Chrono Boost)  
  35  4:27  Pylon  
  35  4:32  Probe (Chrono Boost)  
  35  4:34  Probe (Chrono Boost), Stalker  
  36  4:45  Probe (Chrono Boost)  
  38  4:46  Probe (Chrono Boost)  
  38  4:51  Stalker  
  40  4:55  Probe (Chrono Boost)  
  40  4:58  Probe (Chrono Boost)  
  42  5:03  Stalker  
  42  5:06  Probe (Chrono Boost)  
  45  5:09  Observer  
  45  5:10  Probe (Chrono Boost)  
  47  5:15  Stalker  
  47  5:17  Probe (Chrono Boost)  
  51  5:22  Probe (Chrono Boost), Pylon  
  51  5:27  Probe (Chrono Boost)  
  52  5:34  Probe (Chrono Boost)  
  53  5:45  Probe (Chrono Boost)  
  53  5:47  Assimilator  
  53  5:49  Assimilator  
  54  5:51  Robotics Bay  
  54  5:53  Probe (Chrono Boost), Pylon  
  54  5:55  Pylon  
  54  5:56  Probe (Chrono Boost)  
  56  6:01  Warp Prism  
  58  6:05  Probe (Chrono Boost)  
  58  6:06  Probe (Chrono Boost)  
  60  6:27  Probe (Chrono Boost)  
  60  6:29  Forge  
  61  6:33  Probe (Chrono Boost)  
  61  6:38  Probe (Chrono Boost)  
  63  6:41  Disruptor  
  66  6:48  Robotics Facility  
  66  6:50  Probe (Chrono Boost)  
  66  6:51  Probe (Chrono Boost)  
  68  6:56  Nexus, Unknown  
  68  6:59  Pylon  
  68  7:02  Protoss Ground Weapons Level 1  
  68  7:03  Photon Cannon  
  68  7:09  Photon Cannon  
  68  7:19  Disruptor  
  71  7:23  Stalker x2  
  75  7:30  Photon Cannon  
  75  7:32  Photon Cannon  
  75  7:36  Probe (Chrono Boost)  
  76  7:37  Probe (Chrono Boost)  
  77  7:47  Probe (Chrono Boost)  
  77  7:48  Probe (Chrono Boost)  
  79  7:52  Photon Cannon  
  79  7:56  Pylon  
  79  7:57  Probe (Chrono Boost)  
  81  7:58  Probe (Chrono Boost), Pylon  
  81  8:07  Gateway  
  81  8:08  Probe (Chrono Boost), Unknown  
  82  8:17  Gateway  
  82  8:21  Probe (Chrono Boost)  
  82  8:22  Gateway  
  83  8:29  Assimilator  
  83  8:32  Probe (Chrono Boost), Stalker  
  83  8:33  Pylon  
  86  8:34  Stalker, Assimilator  
  88  8:44  Pylon  
  88  8:46  Pylon  
  88  8:49  Disruptor x2  
  88  8:55  Probe (Chrono Boost)  
  95  9:05  Probe (Chrono Boost)  
  95  9:07  Protoss Ground Weapons Level 2  
  96  9:16  Probe (Chrono Boost), Zealot  
  99  9:24  Stalker  
  101  9:30  Gateway  
  101  9:31  Gateway  
  101  9:38  Stalker  
  101  9:39  Stalker x3  
  101  9:43  Disruptor x2  
  115  9:47  Dark Shrine  
  115  9:53  Pylon  
  115  10:01  Stalker x2  
  115  10:02  Stalker x3  
  125  10:10  Nexus, Unknown  
  124  10:19  Disruptor x2  
  130  10:46  Stalker x3  
  130  10:47  Stalker x2  
  113  11:12  Dark Templar  
  113  11:25  Disruptor x2  
  119  11:35  Stalker  
  121  11:41  Probe (Chrono Boost), Cybernetics Core  
  121  11:44  Dark Templar x5  
  132  11:52  Probe (Chrono Boost), Gateway  
  133  11:54  Gateway  
  133  11:56  Gateway  
  134  12:01  Observer  
  134  12:02  Probe (Chrono Boost)  
  134  12:07  Disruptor  
  138  12:13  Probe (Chrono Boost)  
  139  12:21  Nexus, Unknown  
  139  12:22  Disruptor  
  142  12:24  Probe (Chrono Boost)  
  142  12:28  Protoss Ground Weapons Level 3  
  135  12:45  Pylon  
  135  12:46  Assimilator  
  135  12:54  Photon Cannon  
  135  12:55  Stalker x6  
  135  12:57  Stalker x2  
  135  12:58  Photon Cannon  
  148  13:05  Dark Templar  
  150  13:17  Observer Gravitic Boosters  
  150  13:18  Stargate  
  150  13:19  Stargate  
  148  13:21  Pylon  
  148  13:22  Dark Templar x2  
  148  13:23  Dark Templar  
  140  13:30  Dark Templar  
  140  13:31  Dark Templar  
  140  13:32  Unknown  
  143  13:35  Stalker  
  143  13:39  Photon Cannon  
  144  13:53  Stalker x3  
  141  14:14  Nexus, Unknown  
  141  14:15  Stalker x2  
  145  14:36  Warp Prism  
  147  14:39  Pylon  
  147  14:40  Pylon  
  147  14:43  Stalker  
  147  14:45  Pylon  
  149  14:47  Pylon  
  149  14:56  Observer  
  149  15:23  Dark Templar x3  
  149  15:25  Unknown  
  155  15:29  Protoss Shields Level 1  
  155  15:41  Stalker x5  
  155  15:42  Stalker  
  167  15:47  Nexus, Unknown  
  167  16:06  Pylon  
  167  16:15  Fleet Beacon  
  167  16:17  Dark Templar x2  
  171  16:28  Pylon  
  170  16:33  Stalker x5  
  170  16:36  Photon Cannon  
  170  16:37  Photon Cannon  
  177  16:50  Carrier x2  
  177  16:59  Unknown  
  189  17:02  Protoss Air Weapons Level 1  
  189  17:16  Stalker  
  189  17:17  Stalker x4  
  189  17:20  Graviton Catapult  
  199  17:35  Assimilator  
  199  17:37  Assimilator  
  199  18:05  Carrier x2  
  179  18:31  Disruptor x2  
  185  18:36  Dark Templar x4  
  191  18:41  Assimilator  
  140  19:14  Zealot x6  
  140  19:15  Zealot x3  
  133  19:37  Disruptor x2  
  99  20:02  Zealot x3  
  99  20:03  Zealot x6  
  111  20:13  Disruptor  
  92  20:30  Stalker x3  
  87  21:04  Nexus, Unknown  
  87  21:08  Disruptor, Pylon  
  87  21:10  Assimilator  
  90  21:14  Protoss Air Weapons Level 2, Assimilator  
  90  22:16  Unknown  
  90  22:34  Pylon  
  90  22:58  Photon Cannon  
  90  23:00  Probe (Chrono Boost)  
  91  23:11  Probe (Chrono Boost)  
  92  23:15  Zealot  
  92  23:16  Zealot  
  80  24:06  Stalker x3  
  74  24:35  Mothership Core (Chrono Boost)  
  79  25:28  Stargate  
  79  25:30  Stargate  
  65  26:15  Void Ray x2  
  73  26:19  Pylon  
  73  26:20  Pylon  
  73  26:22  Pylon  
  70  26:58  Void Ray  
  74  27:13  Void Ray  
  78  27:26  Protoss Air Armor Level 1  
  78  27:41  Robotics Facility  
  74  28:52  Void Ray  
  74  28:53  Void Ray  
  74  28:54  Warp Prism  
  84  29:33  Fleet Beacon  
Tags
 
Add a new tag
Caveats
  • Supply blocks, unpowered buildings, or Contaminate may cause inaccurate times.
  • Supply counts are checked every 10 seconds.